 Dungeon Crawl Stone Soup version 0.31.0-32-g396128a36d (webtiles) character file.

Game seed: 14010927568495918929

132 PaiMei the Purveyor of Pain (level 4, -3/30 HPs)
             Began as a Demonspawn Necromancer on Apr 4, 2024.
             Was an Initiate of Kikubaaqudgha.
             Killed from afar by an orc wizard (9 damage)
             ... with a puff of flame
             ... on level 3 of the Dungeon.
             The game lasted 00:04:09 (2605 turns).

PaiMei the Purveyor of Pain (DsNe)                  Turns: 2605, Time: 00:04:10

Health: -3/30      AC: 13    Str:  8    XL:     4   Next: 92%
Magic:  5/8        EV:  8    Int: 17    God:    Kikubaaqudgha [......]
Gold:   164        SH:  0    Dex: 14    Spells: 7/8 levels left

rFire   . . .        j - +1 spear (pain)
rCold   . . .        (no shield)
rNeg    . . .        q - +6 scale mail of the Catamount {*Corrode rElec rPois}
rPois   +            (no helmet)
rElec   +            (no cloak)
rCorr   .            (no gloves)
SInv    +            i - +0 pair of boots
Will    .....        (no amulet) Stlth
                     o - ring of see invisible
HPRegen 0.25/turn    (no ring)
MPRegen 0.11/turn

%: corrode self (3%)
@: confused
A: demonic guardian 1, foul stench 1
a: Renounce Religion


You were on level 3 of the Dungeon.
You worshipped Kikubaaqudgha.
Kikubaaqudgha was noncommittal.
You visited 1 branch of the dungeon, and saw 3 of its levels.

You collected 164 gold pieces.

Inventory:

Hand Weapons
 d - a +0 spear
 j - a +1 spear of pain (weapon)
Missiles
 l - 8 javelins
 r - 5 poisoned darts
Armour
 a - a +0 robe
 i - a +0 pair of boots (worn)
 q - the +6 scale mail of the Catamount (worn) {*Corrode rElec rPois}
   (You found it on level 2 of the Dungeon)

   rElec:     It insulates you from electricity.
   rPois:     It protects you from poison *Corrode: It may corrode you when you
   take damage.
Jewellery
 o - a ring of see invisible (left hand)
 s - a ring of ice
Scrolls
 g - a scroll of blinking {unknown}
 h - a scroll of teleportation {unknown}
 k - 3 scrolls of identify {unknown}
 m - a scroll of enchant weapon {unknown}
 t - a scroll of amnesia {unknown}
Potions
 b - a potion of magic
 c - a potion of cancellation {unknown}
 e - a potion of degeneration {unknown}
 f - a potion of curing {unknown}
 n - a potion of lignification {unknown}
 p - a potion of resistance {unknown}


   Skills:
 + Level 2.7 Dodging
 + Level 2.9 Stealth
 + Level 2.9 Spellcasting
 + Level 5.1 Necromancy


You had 7 spell levels left.
You knew the following spells:

 Your Spells              Type           Power      Damage    Failure   Level
a - Necrotise             Necr           80%        1d8       22%         1

Your spell library contained the following spells:

 Spells                   Type           Power      Damage    Failure   Level
 Vampiric Draining        Necr           20%        2d7       54%         3
 Sting                    Conj/Alch      8%         1d3       88%         1
 Animate Dead             Necr           20%        N/A       91%         4
 Mercury Vapours          Alch/Air       4%         N/A       95%         2
 Curse of Agony           Necr           20%        N/A       99%         5
 Olgreb's Toxic Radiance  Alch           2%         N/A       100%        4


Dungeon Overview and Level Annotations

Branches:
Dungeon (3/15)

Altars:
Kikubaaqudgha
Sif Muna

Shops:
D:1 =

Annotations:
D:3 Grinder


Innate Abilities, Weirdness & Mutations

A weak demonic guardian rushes to your aid.
You may rarely emit foul miasma when damaged in melee.


Message History

The orc wizard writhes in agony.
The orc wizard is lightly wounded.
The orc wizard hits you but does no damage.
You're too confused to cast spells.
You bump into the stone wall.
You feel less confused.
The orc wizard points at you and mumbles some strange words.
You are confused.
The orc wizard barely misses you.
You're too confused to cast spells.
You hit the orc wizard.
The orc wizard writhes in agony.
The orc wizard is severely wounded.
The orc wizard hits you but does no damage. x2
You closely miss the orc wizard.
The orc wizard is lightly wounded.
The orc wizard casts a spell at you.
The magic dart hits you but does no damage.
The orc wizard barely misses you.
You miss the orc wizard.
The orc wizard is severely wounded.
The orc wizard hits you but does no damage.
The orc wizard barely misses you.
You barely miss the orc wizard. Your punch misses the orc wizard.
The orc wizard is severely wounded.
The orc wizard gestures at you while chanting.
The puff of flame misses you.
The orc wizard hits you but does no damage. x2
The orc wizard gestures wildly while chanting.
The orc wizard flickers and vanishes for a moment.
The orc wizard hits you with a +0 dagger.
* * * LOW HITPOINT WARNING * * *
You're too confused to move!
The orc wizard hits you but does no damage.
The orc wizard hits you with a +0 dagger.
* * * LOW HITPOINT WARNING * * *
You bump into the stone wall.
The orc wizard points at you and mumbles some strange words.
The puff of flame hits you!
You die...
Kikubaaqudgha rasps: "You have failed me!
Welcome... death!"

.......##..# ...... .#..[......#
##. #..... ....##.##..### ...
....## #.. .#+###........ .. ....
... .......##..###.# #.###..# #.#
.......##..# #..##..####.#
.......#############.##....##.#
.......# #._.#._.#.......##.# #
.[.....# #.).#@o.#..........###
.......##+###'###o##......###....
.......#.........o.#...#..###.###
.###...#....⌠.⌠....#.#.#..##..#
.# ...##....⌠....##)..#..##..# ..
...###..⌠.⌠..##..#.#......# ...
...# ##.....##...#.#.....## .#.#
.# ###.###.>.......##.#
.#..##.#.##.###.#..##.#


You could see 3 orc wizards.

Vanquished Creatures
  An orc wizard (D:3)
  3 gnolls (D:2)
  An adder (D:2)
  A dart slug (D:1)
  A ribbon worm (D:3)
  An orc (D:3)
  6 bats
  3 endoplasms
  A giant cockroach (D:1)
  5 goblins
  6 hobgoblins
  4 jackals (D:1)
  6 kobolds
  A quokka (D:2)
  4 ball pythons
  4 frilled lizards
  2 rats
50 creatures vanquished.

Vanquished Creatures (collateral kills)
  A frilled lizard (D:1)
1 creature vanquished.

Vanquished Creatures (others)
  An orc wizard (D:3)
1 creature vanquished.

Grand Total: 52 creatures vanquished

Notes
Turn   | Place    | Note
-------+----------+-------------------------------------------
     0 | D:1      | PaiMei the Demonspawn Necromancer began the quest for the
                  | Orb.
     0 | D:1      | Reached XP level 1. HP: 13/13 MP: 3/3
   274 | D:1      | Found a faded altar of an unknown god.
   333 | D:1      | Gained mutation: You may rarely emit foul miasma when
                  | damaged in melee. [demonic ancestry]
   333 | D:1      | Reached XP level 2. HP: 19/19 MP: 3/5
   468 | D:1      | Found Xueplu's Jewellery Shop.
   916 | D:1      | Reached XP level 3. HP: 23/24 MP: 2/6
  1255 | D:2      | Gained mutation: A weak demonic guardian rushes to your
                  | aid. [demonic ancestry]
  1255 | D:2      | Reached XP level 4. HP: 26/30 MP: 0/8
  1697 | D:2      | Identified the +6 scale mail of the Catamount {*Corrode
                  | rElec rPois}
  2218 | D:3      | Noticed Grinder
  2285 | D:3      | Reached skill level 5 in Necromancy
  2560 | D:3      | Found an ancient bone altar of Kikubaaqudgha.
  2568 | D:3      | Became a worshipper of Kikubaaqudgha
  2585 | D:3      | Found a shimmering blue altar of Sif Muna.
  2605 | D:3      | Killed from afar by an orc wizard

Illustrated notes

Levels and vault maps discovered:
D:1:      minmay_arrival_arboretum_small, layout_loops_ring, serial_shops, shop,
          shapermc_ecumenical_altar_pompeii, grunt_decor_fettered, hex_tiny
D:2:      layout_basic, chequers_serial_rivers_large_a,
          nicolae_concentric_dashed_squares_mild
D:3:      layout_basic, palyth_temple_overflow_mages,
          mainiacjoe_overflow_small_starburst, uniq_grinder, uniq_ijyb,
          uniq_robin

Skill      XL: |  1  2  3  4 |
---------------+-------------+-----
Stealth        | 2 |  2.9
Dodging        | 2 |  2.7
Necromancy     | 5 |  5.1
Spellcasting   | |  2.9

Action                     |  1- 3 |  4- 6 || total
---------------------------+-------+-------++-------
  Melee: Unarmed           |     4 |       ||     4
         Spear             |    20 |    22 ||    42
         Punch             |       |     1 ||     1
   Cast: Necrotise         |    47 |    38 ||    85
 Armour: Robe              |    19 |     1 ||    20
         Scale mail        |       |    39 ||    39
  Dodge: Dodged            |    30 |    22 ||    52
